Unix NetHack Version 5.0.0-0 post-release - last build May  4 2026 22:22:43 (774f63e81ad911689b3a0859ea89b322d5daca8d,branch:main).

Game began 2026-05-07 01:39:52, ended 2026-05-07 02:16:02.

ButtonHitter, neutral female human Valkyrie

                                               ---
           ---                               ---.---         ------
         ---.--                              |.....-----     |....|
         |....--.       ----                --......|..|      -...----- ------
         -........      |>.--------------  --......---.--     |....--.---....|
          ....%......----...........|...|---..--..*.....|     ----........*..|
           ...f@.....|....---------.|...--...-- ----....---  -------.........--
            .---%....|)----       |........--.--   |......|  |..|  ---.---....|
               --......|          -----.--......----......| --..--   --- --..--
                |..-----              |.|--......|.%......---....|     ----*.|
                --.|                  |.|  . ..............%...-.-------..`..|
                  --                          .....%.....----............|...|
                                               ....[.(.)...|---#.-------------
                                                ...........|   |...|
                                                 ..........--- ---.#
                                                  `..........|   |.-#--
                                                  -.|..<-....--  |....|
                                                  --|.........|  ----.--
                                                     ---.....--    |...|
                                                        --.---     --.--
                                                          -         ---
ButtonHitter the Fighter    St:18/01 Dx:13 Co:17 In:9 Wi:7 Ch:10  Neutral
Dlvl:10 $:173 HP:0(75) Pw:16(16) AC:-3 Xp:8 T:2687  Burdened

Latest messages:
 Fortunately, you are wearing a hard helmet.
 You climb up the stairs.
 The gnome wields an aklys!
 The gnome secures the tether on the aklys.
 The gnome swings her aklys.
 The gnome misses!
 You hit the gnome!
 You kill the gnome!
 You see here an aklys.
 You kill the gnome!
 There is a gnome corpse here; eat it? [ynq] (n) y
 This gnome corpse is gamey.
 The pyrolisk attacks you with a fiery gaze!
 You stop eating the gnome corpse.
 You hit the pyrolisk!
 The pyrolisk attacks you with a fiery gaze!
 The pyrolisk bites!
 The panther hits!
 The panther hits again!
 The panther bites!
 You hit the pyrolisk!
 The panther hits!
 The panther misses!
 The panther bites!
 What do you want to zap? [xJQ or ?*] ?
 In what direction? y
 The magic missile hits the pyrolisk.
 What do you want to zap? [xJQ or ?*] J
 In what direction? y
 You kill the pyrolisk!
 The panther hits!
 The panther hits again!
 The panther bites!
 The panther hits!
 The panther hits again!
 The panther bites!
 What do you want to zap? [xJQ or ?*] J
 In what direction? h
 The magic missile hits the panther!
 The panther hits!
 The panther misses!
 The panther misses!
 What do you want to zap? [xJQ or ?*] J
 In what direction? h
 The magic missile hits the panther!
 The panther hits!
 The panther hits again!
 The panther bites!
 You die...
 Do you want your possessions identified? [ynq] (y) q

Inventory:
 Coins    ('$')
  $ - 173 gold pieces
 Amulets  ('"')
  X - a cursed amulet of restful sleep
 Weapons  (')')
  b - a +0 dagger (alternate weapon; not wielded)
  a - a rusty +1 spear (weapon in right hand)
 Armor    ('[')
  D - a blessed thoroughly rusty +2 dwarvish iron helm (being worn)
  k - an uncursed +0 pair of leather gloves (being worn)
  E - an uncursed very rusty +0 pair of iron shoes (being worn)
  c - a blessed +3 small shield (being worn)
  F - a cursed +0 dwarvish mithril-coat (being worn)
 Comestibles  ('%')
  d - 4 uncursed food rations
  t - an uncursed fortune cookie
  p - a cursed fortune cookie
  w - an uncursed melon
  f - an uncursed homemade tin of jackal meat
 Scrolls  ('?')
  G - an uncursed scroll of blank paper
  h - an uncursed scroll of confuse monster
  y - an uncursed scroll of create monster
  H - an uncursed scroll of food detection
  s - 5 uncursed scrolls of identify
  I - 2 uncursed scrolls of teleportation
 Potions  ('!')
  P - an uncursed potion of blindness
  U - 6 uncursed potions of booze
  L - an uncursed potion of confusion
  Y - an uncursed potion of extra healing
  M - an uncursed potion of healing
  o - an uncursed potion of levitation
  W - an uncursed potion of object detection
  V - a cursed potion of sickness
  C - a potion of holy water
  T - an uncursed potion of water
 Rings    ('=')
  S - an uncursed ring of see invisible
 Wands    ('/')
  x - a wand of create monster (0:14)
  J - a wand of magic missile (0:0)
  Q - a wand of striking (0:3)
 Tools    ('(')
  g - a bag of tricks (0:13)
  B - an uncursed blindfold
  l - an uncursed brass lantern (lit)
  e - a +0 pick-axe
 Gems/Stones  ('*')
  R - an uncursed luckstone

ButtonHitter the Valkyrie's attributes:

Background:
 You were a Fighter, a level 8 human Valkyrie.
 You were neutral, nominally on a mission for Odin
 who was opposed by Tyr (lawful) and Loki (chaotic).
 You were right-handed.
 You were in the Gnomish Mines, on level 10.
 You entered the dungeon 2687 turns ago.
 It was nighttime.
 You had 1905 experience points, 655 more were needed to attain level 9.

Basics:
 You had 0 out of 75 hit points.
 You had all 16 energy points (spell power).
 Your armor class was -3.
 Your wallet contained 173 zorkmids.
 Autopickup was off.

Final Characteristics:
 Your strength was 18/01 (limit:18/100).
 Your dexterity was 13 (limit:18).
 Your constitution was 17 (limit:18).
 Your intelligence was 9 (limit:18).
 Your wisdom was 7 (limit:18).
 Your charisma was 10 (limit:18).

Final Status:
 You weren't hungry.
 You were burdened; movement was slightly slowed.
 You were wielding a spear.
 You had expert skill with spear.

Final Attributes:
 You were piously aligned.
 You were cold resistant.
 You were stealthy.
 You were guarded.
 You were fast.
 You were lucky.
 You had extra luck.
 Bad luck did not time out for you.
 Good luck did not time out for you.
 You are dead.

Miscellaneous:
 You encountered 1 bones level.
 Total elapsed playing time was 36 minutes and 9 seconds.

Major events:
 Turn
    1: ButtonHitter the neutral human Valkyrie entered the dungeon
  453: entered the Gnomish Mines
  460: attained the rank of Skirmisher (level 3)
  801: reached Mine Town
 1167: attained the rank of Fighter (level 6)
 2128: acquired the Mines' End luckstone
 2687: killed by a panther

You didn't know any spells.

Skills:
 Fighting Skills
   bare handed combat [Unskilled]
   two weapon combat  [Unskilled]
   riding             [Unskilled]
 Weapon Skills
   dagger             [Basic]
   axe                [Unskilled]
   pick-axe           [Unskilled]
   short sword        [Unskilled]
   broadsword         [Unskilled]
   long sword         [Unskilled]
   two-handed sword   [Unskilled]
   saber              [Unskilled]
   hammer             [Unskilled]
   quarterstaff       [Unskilled]
   polearms           [Unskilled]
   spear              [Expert]
   trident            [Unskilled]
   lance              [Unskilled]
   sling              [Unskilled]
 Spellcasting Skills
   attack spells      [Unskilled]
   escape spells      [Unskilled]

Voluntary challenges:
 Character rerolling was not enabled.
 You were an atheist.
 You never genocided any monsters.
 You never polymorphed an object.
 You never changed form.
 You used no wishes.
Achievements:
 You entered a shop.
 You entered the Gnomish Mines.
 You attained the rank of Skirmisher.
 You entered Minetown.
 You attained the rank of Fighter.
 You completed the Gnomish Mines.

 The Dungeons of Doom: levels 1 to 2
    Level 1: "vault"
    Level 2:
       An armor shop, a fountain.
       Stairs down to The Gnomish Mines.
 The Gnomish Mines: levels 3 to 11
    Level 3:
    Level 4:
    Level 5:
       An altar, a fountain, a grave.
       Final resting place for
          chryslovelace-Kni-Hum-Fem-Law, killed by an orc-captain.
    Level 6:
    Level 7:
    Level 8:
    Level 9:
    Level 10: <- You were here.
       Final resting place for
          you, killed by a panther.
    Level 11:
       A fountain.


Vanquished creatures:
  a wumpus
  a pyrolisk
  a gargoyle
  a mountain centaur
  2 giant beetles
  a giant spider
  a scorpion
  a gnome ruler
  a dwarf mummy
  a rust monster
 an owlbear
  a jaguar
  a human zombie
  2 bugbears
  a quasit
  4 Mordor orcs
 12 gnome leaders
  3 gnomish wizards
 18 dwarves
  a homunculus
  3 rothes
  7 hobbits
  a hobgoblin
 61 gnomes
  a gecko
  3 jackals
  a fox
  2 kobolds
  a goblin
  2 grid bugs
  a lichen
  4 newts
142 creatures vanquished.

No species were genocided or became extinct.

Game over:
                       ----------
                      /          \
                     /    REST    \
                    /      IN      \
                   /     PEACE      \
                  /                  \
                  |   ButtonHitter   |
                  |      173 Au      |
                  |   killed by a    |
                  |     panther      |
                  |                  |
                  |                  |
                  |       2026       |
                 *|     *  *  *      | *
        _________)/\\_//(\/(/\)/\//\/|_)_______

Farvel ButtonHitter the Valkyrie...

You died in The Gnomish Mines on dungeon level 10 with 8306 points,
and 173 pieces of gold, after 2687 moves.
You were level 8 with a maximum of 75 hit points when you died.

